Map: 드림캐처 - 래더

Players

SuperNova - Winner!

  • Race: Terran Terran
  • League: Grandmaster
  • Spawn Location: 11:00

IIIIIIIIIIII

  • Race: Zerg Zerg
  • League: Grandmaster
  • Spawn Location: 5:00

VOD

Have the link to the VOD?

Description

Time

  • Played on: Oct. 17, 2018, 3:53 a.m.
  • Length: 27:59
Show
View Real Time Build Order
Export as new Build Order

SuperNova Terran - Winner!

Build Orders: Reaper Expand, Hellion Banshee, Mech 

Get SALT Encoding   

  12  0:00  SCV  
  13  0:13  SCV  
  14  0:17  Supply Depot  
  14  0:25  SCV  
  15  0:38  SCV  
  15  0:40  Barracks  
  16  0:45  Refinery  
  16  0:50  SCV  
  17  1:03  SCV  
  18  1:15  SCV  
  19  1:27  Orbital Command, Reaper  
  20  1:41  Command Center  
  20  1:52  Supply Depot  
  20  1:53  SCV  
  21  1:59  Marine  
  22  2:05  Factory  
  22  2:08  SCV  
  23  2:12  Refinery  
  23  2:20  SCV  
  23  2:22  Barracks Reactor  
  24  2:32  SCV  
  25  2:44  SCV  
  26  2:51  Starport  
  26  2:53  Orbital Command  
  26  2:57  SCV  
  27  3:02  Hellion x2  
  27  3:04  Barracks Tech Lab  
  31  3:09  SCV  
  32  3:19  SCV  
  33  3:21  SCV  
  33  3:23  Hellion x2  
  38  3:35  Cloaking Field, Banshee  
  38  3:40  SCV x2  
  42  3:41  Supply Depot  
  42  3:44  Hellion  
  42  3:45  Hellion  
  46  4:00  Command Center  
  46  4:06  Supply Depot  
  46  4:07  SCV x2  
  48  4:13  Hellion  
  48  4:14  Hellion  
  52  4:19  Supply Depot  
  52  4:22  SCV x2  
  54  4:28  Banshee  
  57  4:39  Hellion x2  
  61  4:48  Armory  
  61  4:49  Armory  
  61  4:50  Refinery  
  61  4:51  Refinery, SCV  
  61  4:52  SCV  
  63  5:05  SCV  
  64  5:08  Cyclone  
  64  5:09  Cyclone  
  64  5:11  Supply Depot  
  64  5:13  SCV  
  71  5:14  Supply Depot  
  71  5:20  SCV  
  71  5:21  Orbital Command  
  69  5:24  Banshee  
  72  5:29  SCV  
  73  5:35  SCV  
  73  5:41  SCV, Hellion x2  
  79  5:47  Orbital Command  
  79  5:48  SCV  
  80  5:55  SCV, Factory  
  80  5:56  Factory  
  81  5:57  Refinery, Terran Vehicle Weapons Level 1  
  81  6:02  Refinery  
  81  6:03  SCV  
  82  6:05  Supply Depot  
  82  6:07  SCV  
  82  6:10  Hellion  
  75  6:18  Hellion  
  73  6:19  SCV  
  73  6:20  SCV  
  73  6:24  Barracks Tech Lab  
  75  6:31  Starport Reactor, SCV  
  72  6:32  SCV  
  72  6:35  SCV  
  73  6:41  Factory  
  73  6:42  Hellion  
  73  6:43  SCV, Hellion  
  73  6:45  SCV  
  79  6:47  SCV  
  79  6:51  Thor  
  79  6:52  Thor  
  92  6:55  SCV  
  92  6:57  SCV  
  92  6:59  SCV  
  95  7:03  Barracks Reactor  
  95  7:04  Factory  
  95  7:07  SCV  
  96  7:09  SCV  
  96  7:10  Hellion x2  
  96  7:11  SCV  
  96  7:13  Medivac  
  96  7:14  Supply Depot  
  104  7:17  Medivac  
  104  7:20  SCV  
  104  7:21  SCV  
  108  7:23  Supply Depot, SCV  
  108  7:28  Engineering Bay  
  109  7:33  Infernal Pre-Igniter, Factory Tech Lab  
  109  7:36  Supply Depot, SCV x2  
  111  7:37  SCV  
  111  7:39  Siege Tank  
  115  7:45  Siege Tank  
  115  7:48  SCV x2  
  115  7:49  SCV  
  121  7:55  Siege Tank  
  121  7:58  Hellion x2  
  128  7:59  Smart Servos  
  128  8:01  Command Center  
  128  8:03  Hellion x2  
  132  8:08  Supply Depot  
  132  8:09  Supply Depot  
  132  8:18  Supply Depot  
  132  8:29  Siege Tank, Viking x2  
  132  8:30  Siege Tank  
  142  8:40  Siege Tank  
  151  8:41  Hellion x3  
  151  8:45  Terran Vehicle Weapons Level 2, Supply Depot x2  
  151  8:46  Terran Vehicle And Ship Armor Level 1  
  151  8:53  Hellion  
  151  8:54  Supply Depot  
  151  8:55  Supply Depot  
  153  8:59  Viking x2  
  157  9:07  Siege Tank x2, Supply Depot, Hellion  
  157  9:08  Supply Depot  
  165  9:11  Thor x2  
  165  9:15  Hellion x3  
  171  9:22  Sensor Tower  
  171  9:28  Siege Tank  
  171  9:30  Hellion  
  171  9:31  Missile Turret  
  176  9:32  Missile Turret  
  176  9:40  Siege Tank, Hellion  
  176  9:43  Viking  
  183  9:47  Refinery  
  183  9:50  Viking  
  183  9:51  Refinery  
  183  9:52  Hellion  
  187  9:56  Liberator  
  185  10:01  Hellion  
  185  10:03  Liberator  
  185  10:04  Hellion  
  185  10:05  Planetary Fortress  
  186  10:09  Hellion  
  186  10:13  Hellion x18  
  186  10:14  Hellion x2  
  198  10:22  Factory  
  198  10:26  Factory  
  198  10:27  Hellion  
  188  10:35  Hellion  
  188  10:38  Hellion  
  190  10:44  Terran Vehicle And Ship Armor Level 2  
  190  10:47  Factory  
  190  10:49  Hellion  
  190  10:51  Siege Tank  
  190  10:52  Hellion  
  190  10:56  Siege Tank  
  182  10:57  Hellion  
  182  10:58  Viking, Hellion  
  182  11:01  Hellion  
  182  11:03  Viking  
  147  11:10  Hellion  
  149  11:13  Hellion  
  149  11:17  Factory Reactor x2  
  149  11:18  Siege Tank  
  154  11:19  Hellion  
  154  11:22  Liberator  
  154  11:23  Liberator  
  156  11:28  Hellion  
  156  11:31  Siege Tank, Factory Tech Lab  
  161  11:33  Terran Vehicle Weapons Level 3  
  161  11:45  Hellion  
  163  11:56  Hellion x5  
  147  12:04  Hellion  
  147  12:05  Command Center  
  147  12:07  Command Center  
  153  12:08  Hellion x2  
  153  12:09  Sensor Tower  
  153  12:11  SCV x2  
  153  12:13  SCV  
  156  12:22  Thor  
  162  12:23  SCV  
  162  12:24  SCV x2  
  165  12:32  SCV  
  165  12:34  Missile Turret  
  165  12:35  SCV  
  165  12:36  Missile Turret, SCV  
  168  12:39  Hellion  
  168  12:41  SCV  
  168  12:43  Liberator  
  171  12:47  Liberator  
  171  12:50  Hellion x3  
  171  12:51  SCV x2  
  176  12:52  SCV  
  176  12:53  SCV  
  176  12:57  Starport  
  179  13:00  Terran Ship Weapons Level 1  
  185  13:09  Thor  
  189  13:13  Hellion  
  164  13:28  Barracks, Hellion  
  164  13:31  Missile Turret  
  166  13:35  Hellion x5  
  176  13:42  Siege Tank  
  176  13:45  Liberator  
  179  13:55  Liberator  
  159  14:04  Siege Tank  
  159  14:05  Siege Tank, Hellion  
  159  14:06  Hellion  
  171  14:10  Hellion  
  171  14:14  Starport Reactor  
  171  14:15  Terran Vehicle And Ship Armor Level 3  
  171  14:16  Siege Tank, Hellion x2  
  183  14:17  Hellion  
  183  14:22  Hellion x3  
  189  14:29  Orbital Command  
  189  14:31  Missile Turret  
  189  14:32  SCV x2  
  189  14:33  SCV  
  189  14:36  Thor  
  186  14:46  Viking  
  186  14:51  Hellion x2  
  186  14:52  Viking x2  
  191  14:55  Viking, Hellion  
  191  14:58  Siege Tank  
  198  15:01  Hellion  
  198  15:03  Planetary Fortress  
  198  15:04  Refinery x2  
  200  15:15  Missile Turret x2  
  200  15:21  Hellion x5, Command Center  
  200  15:24  Hellion  
  192  15:29  Hellion  
  192  15:30  Viking x2  
  192  15:31  Viking  
  200  15:40  Missile Turret x2  
  200  15:46  Missile Turret x2  
  200  15:48  Hellion x2  
  200  15:55  Missile Turret  
  200  15:56  Missile Turret  
  200  16:02  Missile Turret  
  200  16:06  Thor  
  200  16:10  Viking x3  
  200  16:11  Terran Ship Weapons Level 2  
  194  16:12  Viking  
  194  16:15  Starport  
  196  16:20  Missile Turret  
  192  16:28  Missile Turret  
  192  16:34  Hellion x5  
  192  16:35  Thor  
  198  16:41  Orbital Command  
  198  16:44  Missile Turret  
  198  16:45  Missile Turret  
  198  16:48  Command Center  
  198  16:52  Thor  
  198  16:53  Viking  
  197  17:05  Command Center  
  197  17:06  Missile Turret x2  
  197  17:10  Starport Tech Lab  
  197  17:13  Starport  
  197  17:18  Missile Turret  
  197  17:21  Sensor Tower  
  195  18:01  Raven, Corvid Reactor  
  195  18:04  Orbital Command, Starport Tech Lab  
  194  18:05  Viking  
  196  18:13  Hellion x5  
  196  18:17  Missile Turret  
  196  18:20  Missile Turret  
  196  18:22  Missile Turret  
  196  18:24  Fusion Core  
  196  18:27  Hellion x5  
  196  18:31  Thor  
  196  18:33  Terran Ship Weapons Level 3  
  199  18:39  Missile Turret x2  
  199  18:40  Missile Turret  
  199  18:52  Raven  
  197  19:00  Missile Turret  
  197  19:02  Missile Turret  
  195  19:13  Thor  
  193  19:29  Thor  
  199  19:38  Missile Turret x2  
  197  19:48  Raven  
  196  19:55  Liberator x3  
  191  20:02  Thor  
  191  20:04  Thor  
  186  20:08  Thor  
  186  20:10  Hellion x3  
  186  20:11  Raven, Thor, Hellion x2  
  186  20:13  Viking  
  196  20:31  Viking  
  195  20:36  Hellion x4  
  197  20:43  Viking  
  197  20:48  Missile Turret  
  197  20:49  Missile Turret x2, Advanced Ballistics  
  199  20:50  Missile Turret  
  199  20:51  Missile Turret  
  199  20:54  Missile Turret  
  199  20:55  Missile Turret  
  199  20:57  Sensor Tower, Missile Turret  
  199  21:08  Command Center  
  199  21:13  Missile Turret  
  199  21:14  Missile Turret  
  199  21:15  Siege Tank  
  199  21:16  Missile Turret  
  198  21:30  Structure Armor  
  191  21:43  Thor  
  175  21:56  Thor  
  175  21:59  Thor  
  175  22:00  Hellion  
  175  22:01  Hellion x3  
  175  22:04  Raven  
  175  22:07  Viking  
  165  22:35  Orbital Command  
  158  22:48  Liberator x3  
  150  22:58  Hellion  
  148  23:03  Raven x2  
  148  23:04  Hellion x3  
  148  23:05  Thor x9, Hellion  
  160  23:06  Viking  
  160  23:11  Hi-Sec Auto Tracking  
  160  23:12  Siege Tank  
  174  23:24  Orbital Command  
  174  23:48  Refinery  
  174  23:49  Siege Tank  
  174  23:50  Hellion  
  174  23:51  Refinery, Siege Tank  
  174  23:52  Siege Tank, Hellion  
  174  23:53  Hellion  
  189  24:06  Viking  
  189  24:09  Planetary Fortress  
  191  24:14  Raven  
  193  24:25  Hellion  
  159  24:34  Siege Tank  
  159  24:35  Viking x2  
  154  24:40  Viking  
  143  24:48  Viking  
  132  24:53  Viking  
  132  24:57  Viking  
  119  25:05  Viking  
  119  25:12  Viking  
  118  25:17  Viking  
  118  25:20  Hellion  
  120  25:21  Viking  
  120  25:24  Siege Tank, Hellion x3  
  120  25:26  Raven  
  120  25:27  Liberator  
  133  25:32  Hellion x2  
  133  25:33  Hellion x2  
  138  25:41  Siege Tank x2, Hellion  
  143  25:42  Viking  
  148  25:54  Missile Turret  
  148  25:55  Missile Turret  
  148  25:56  Siege Tank  
  151  26:02  Command Center  
  151  26:08  Thor  
  157  26:13  Thor x2  
  169  26:21  Hellion x7  
  169  26:23  Raven  
  171  26:28  Refinery, Thor  
  171  26:29  Liberator  
  171  26:30  Refinery  
  177  26:37  Hellion  
  179  26:44  Sensor Tower  
  182  26:54  Hellion x2  
  182  26:55  Viking x2, Hellion  
Show
View Real Time Build Order
Export as new Build Order

IIIIIIIIIIII Zerg 

Build Orders: Hatch First, Swarm Host 

Get SALT Encoding   

  12  0:01  Drone  
  13  0:12  Overlord  
  13  0:17  Drone  
  14  0:31  Drone x2  
  14  0:35  Drone  
  17  0:52  Hatchery  
  17  0:54  Drone  
  17  0:57  Drone  
  18  1:08  Extractor  
  17  1:12  Spawning Pool  
  17  1:16  Drone  
  17  1:19  Drone  
  18  1:29  Drone  
  19  1:39  Overlord  
  19  1:50  Drone  
  20  1:59  Queen  
  20  2:01  Zergling x2  
  23  2:03  Queen  
  23  2:04  Zergling x2  
  23  2:08  Metabolic Boost  
  26  2:11  Drone  
  27  2:16  Drone  
  27  2:22  Drone  
  29  2:25  Drone  
  30  2:33  Drone  
  30  2:37  Drone  
  32  2:39  Queen  
  32  2:44  Drone  
  35  2:46  Overlord  
  35  2:53  Overlord  
  35  2:58  Zergling x2  
  36  3:06  Drone  
  36  3:07  Drone x2  
  36  3:08  Drone  
  36  3:09  Drone  
  36  3:11  Drone x3  
  44  3:14  Queen  
  46  3:20  Drone x2  
  48  3:28  Drone  
  48  3:33  Drone  
  50  3:36  Hatchery  
  50  3:38  Overlord  
  50  3:39  Overlord  
  49  3:44  Drone  
  49  3:45  Drone x2  
  49  3:47  Overlord  
  52  3:48  Overlord  
  52  3:56  Queen  
  52  3:57  Extractor  
  52  3:58  Zergling x6  
  56  4:04  Lair  
  56  4:12  Baneling Nest  
  56  4:14  Zergling x6  
  58  4:18  Drone x2  
  58  4:19  Drone  
  61  4:24  Overlord  
  61  4:28  Zergling x6  
  64  4:34  Queen  
  66  4:42  Spore Crawler  
  66  4:43  Drone x4  
  66  4:45  Drone x3  
  72  4:49  Drone  
  73  4:57  Spore Crawler  
  73  4:59  Drone  
  72  5:00  Drone x2  
  72  5:04  Overseer  
  72  5:05  Drone  
  72  5:06  Drone x2  
  74  5:15  Drone x3  
  74  5:20  Spore Crawler, Drone x4  
  79  5:28  Extractor, Evolution Chamber  
  77  5:29  Drone, Evolution Chamber  
  77  5:30  Drone x2  
  77  5:34  Baneling x6  
  77  5:35  Baneling x2  
  79  5:36  Baneling  
  79  5:41  Drone x3  
  81  5:45  Drone  
  81  5:46  Drone x2  
  84  5:50  Hydralisk Den  
  84  5:53  Drone x3  
  86  5:59  Extractor, Drone x5  
  86  6:00  Extractor  
  84  6:15  Zergling x8  
  85  6:20  Baneling  
  85  6:21  Baneling x4, Queen  
  85  6:25  Queen  
  87  6:27  Zergling x2  
  87  6:28  Zergling x2  
  87  6:31  Overlord  
  87  6:32  Overlord x6  
  89  6:48  Hatchery  
  89  6:51  Zerg Missile Weapons Level 1, Zerg Melee Weapons Level 1  
  88  6:55  Drone x4  
  88  6:57  Extractor, Hydralisk x5  
  101  7:12  Drone x2  
  101  7:13  Hydralisk x2  
  107  7:19  Infestation Pit  
  107  7:20  Overlord  
  106  7:25  Hydralisk x3  
  112  7:34  Grooved Spines  
  112  7:38  Drone x2  
  112  7:39  Drone x5  
  118  7:46  Hydralisk x5  
  118  7:47  Hydralisk x2  
  132  7:52  Spine Crawler  
  130  8:01  Overlord x3  
  130  8:07  Extractor  
  130  8:08  Drone x3  
  132  8:25  Drone x3  
  133  8:36  Swarm Host x11  
  133  8:39  Overlord x3  
  165  8:42  Extractor, Spine Crawler  
  165  8:45  Muscular Augments  
  163  8:49  Swarm Host x2  
  163  8:50  Swarm Host  
  172  9:04  Spine Crawler, Swarm Host x2  
  172  9:08  Drone  
  172  9:09  Drone x5  
  183  9:10  Hatchery  
  183  9:11  Centrifical Hooks  
  183  9:14  Baneling x6  
  183  9:16  Zergling x16  
  190  9:26  Hive  
  190  9:28  Zergling x16  
  198  9:35  Spine Crawler  
  197  9:40  Zerg Missile Weapons Level 2, Zerg Melee Weapons Level 2  
  197  9:42  Zergling x4  
  199  9:49  Spire  
  199  9:51  Baneling x5  
  193  10:14  Drone x6  
  199  10:24  Baneling x16  
  199  10:25  Baneling x6  
  199  10:27  Spine Crawler, Zergling x4  
  200  10:30  Spine Crawler  
  200  10:31  Spine Crawler  
  200  10:34  Zergling x16  
  199  10:39  Zergling x2  
  199  10:40  Zergling x10  
  198  10:54  Zergling x8  
  192  11:00  Hydralisk x8  
  192  11:03  Zergling x6  
  196  11:08  Baneling x3  
  193  11:13  Overlord  
  193  11:15  Greater Spire  
  194  11:18  Zergling x8  
  194  11:20  Baneling x7  
  194  11:21  Baneling  
  197  11:36  Zergling x6  
  196  11:59  Zergling x42  
  190  12:03  Zerg Missile Weapons Level 3, Zerg Melee Weapons Level 3  
  190  12:15  Baneling, Extractor  
  189  12:16  Baneling x9, Overseer  
  189  12:18  Viper x3  
  189  12:20  Extractor  
  189  12:21  Hatchery, Drone  
  189  12:22  Drone  
  198  12:24  Zergling x4  
  198  12:25  Spire  
  199  12:36  Zergling x2  
  199  12:37  Zergling x4  
  181  12:51  Zergling x10  
  181  12:52  Zergling x12  
  181  12:55  Drone x3  
  181  12:56  Drone x3  
  198  13:11  Drone x2  
  188  13:23  Zerg Flyer Weapons Level 1  
  188  13:32  Baneling x18  
  188  13:33  Zergling x12  
  188  13:34  Zergling x10  
  199  13:41  Zerg Flyer Armor Level 1  
  185  14:04  Hydralisk x5  
  184  14:22  Baneling  
  184  14:23  Baneling x20  
  184  14:25  Corruptor x7  
  184  14:27  Hatchery  
  187  14:50  Hatchery  
  187  14:51  Corruptor x8  
  198  15:02  Overseer  
  198  15:41  Zerg Flyer Weapons Level 2, Zerg Flyer Armor Level 2  
  196  16:45  Spine Crawler  
  196  16:46  Spine Crawler  
  194  16:47  Spine Crawler  
  194  16:48  Spine Crawler  
  188  16:59  Brood Lord x3  
  188  17:00  Brood Lord x3  
  200  17:11  Hatchery  
  198  17:33  Extractor  
  198  17:35  Extractor  
  196  17:49  Corruptor  
  198  18:41  Zerg Flyer Armor Level 3, Zerg Flyer Weapons Level 3  
  198  18:43  Extractor  
  198  18:44  Spine Crawler  
  198  18:45  Spine Crawler, Extractor  
  198  18:47  Spine Crawler  
  186  18:54  Corruptor x7  
  196  19:08  Drone  
  196  19:09  Drone x6, Queen  
  194  19:18  Corruptor x2  
  194  19:19  Corruptor  
  192  19:25  Brood Lord x4  
  200  19:36  Spine Crawler  
  199  19:42  Brood Lord x2  
  193  20:00  Unknown x2  
  193  20:01  Unknown  
  193  20:05  Hydralisk x6  
  187  20:09  Corruptor x4  
  187  20:11  Overlord x2  
  175  20:17  Corruptor  
  175  20:18  Corruptor x9  
  187  20:22  Zergling x2  
  187  20:23  Overlord, Zergling x4  
  187  20:24  Overlord  
  182  20:31  Corruptor x3  
  180  20:36  Corruptor x4  
  180  20:39  Drone  
  189  20:47  Brood Lord x2  
  193  20:51  Brood Lord  
  193  20:52  Brood Lord  
  197  21:02  Hatchery  
  190  21:04  Brood Lord x2  
  190  21:11  Overseer  
  194  21:13  Overseer x4  
  194  21:29  Hydralisk x4  
  199  21:35  Zergling x2  
  194  21:50  Corruptor, Spore Crawler  
  194  21:51  Corruptor x4  
  200  21:55  Unknown x2  
  200  21:56  Unknown  
  187  22:06  Overlord  
  187  22:07  Overlord x3  
  157  22:13  Overlord x2  
  149  22:22  Brood Lord x9  
  167  22:24  Zergling x14  
  171  22:39  Brood Lord x2  
  171  22:40  Brood Lord x3  
  179  22:45  Corruptor x3  
  179  22:50  Zergling x2  
  179  22:51  Zergling x20  
  177  23:04  Hatchery  
  174  23:11  Corruptor x4  
  175  23:27  Zergling x14  
  175  23:28  Zergling x8  
  175  23:30  Corruptor  
  188  23:47  Corruptor  
  187  23:51  Hatchery  
  187  23:54  Hatchery  
  185  24:02  Corruptor  
  185  24:04  Drone x2  
  185  24:05  Drone  
  190  24:10  Spore Crawler  
  190  24:11  Spore Crawler, Zergling x18  
  190  24:13  Spore Crawler  
  190  24:30  Corruptor  
  168  24:34  Zergling x14  
  168  24:35  Zergling x6  
  156  24:52  Zergling x12  
  119  25:01  Queen x5  
  124  25:07  Zergling x10  
  118  25:27  Corruptor  
  118  25:36  Queen  
  118  25:39  Drone  
  118  25:40  Drone x2  
  122  25:49  Drone x3  
  125  25:55  Hydralisk  
  121  26:09  Hydralisk  
  123  26:11  Hydralisk  
  125  26:28  Drone x3  
  125  26:29  Hydralisk  
  127  26:37  Hydralisk  
  129  26:40  Drone x3  
  132  26:49  Drone x3  
  132  26:50  Drone  
  132  26:52  Drone  
  128  27:30  Corruptor  
  128  27:35  Drone x2  
Tags
 
Add a new tag
Caveats
  • Supply blocks, unpowered buildings, or Contaminate may cause inaccurate times.
  • Supply counts are checked every 10 seconds.